AoeStats
← 河北彩花

Arena

508816895Analyzed
4v4 RM · 8d ago on Sep 24, 2026· 53m 52s· 8 players
Game mode
Random Map
Map size
Large (8 player)
Population
200
Speed
Normal
Resources
Standard
Victory
Conquest
Starting age
Dark Age
Ending age
Imperial Age
RankedLock teamsTeams togetherTeam positionsShared explorationLock speedFull tech treeHidden civsTurbo modeCheats
Victory
Defeat
🇨🇳 Georgians · China
1216
+14
🇮🇳 Gurjaras · India
1198
+15
🇲🇽 Japanese · Mexico
1120
+18
🇦🇷 Britons · Argentina
1051
+20
🇲🇴 Saxons · Macao SAR China
1203
-18
🇨🇳 Spanish · China
1192
-18
🇹🇼 Burmese · Taiwan
1153
-16
🇹🇼 Turks · Taiwan
1113
-15
河北彩花
1:08 Loom
2:26 Loom
3:31 Loom
9:29 Feudal Age
14:39 Castle Age
12:28 Double-Bit Axe
16:12 Wheelbarrow
17:03 Wheelbarrow
16:34 Horse Collar
18:58 Bow Saw
22:13 Heavy Plow
24:28 Hand Cart
24:18 Gold Mining
24:53 Town Watch
30:46 Imperial Age
29:34 Pikeman
31:10 Scale Mail Armor
31:20 Forging
32:43 Two-Man Saw
32:10 Chain Mail Armor
31:19 Elite Varangian Guard
32:28 Conscription
32:18 Squires
32:13 Arson
33:13 Gold Shaft Mining
32:31 Stone Mining
32:58 Gambesons
34:03 Iron Casting
34:07 Plate Mail Armor
35:48 Ballistics
35:29 Fletching
36:03 Ballistics
35:11 Shield Wall
36:03 Halberdier
40:47 Elite Hearth Troop
40:54 Heavy Scorpion
41:52 Siege Engineers
42:08 Ballistics
42:48 Chemistry
43:04 Bodkin Arrow
42:44 Capped Ram
44:01 Siege Ram
Liam
10:44 Feudal Age
14:30 Castle Age
12:30 Horse Collar
15:29 Heavy Plow
15:50 Town Watch
21:42 Wheelbarrow
22:33 Loom
23:03 Hand Cart
23:08 Gold Mining
29:08 Imperial Age
26:37 Man-at-Arms
27:21 Squires
28:06 Long Swordsman
28:31 Gambesons
30:40 Scale Barding Armor
30:47 Husbandry
30:57 Bloodlines
31:22 Forging
31:42 Chain Barding Armor
31:45 Elite Battle Elephant
33:28 Plate Barding Armor
33:30 Iron Casting
33:30 Conscription
34:22 Chemistry
35:22 Blast Furnace
34:29 Light Cavalry
35:25 Hussar
36:29 Town Watch
36:53 Howdah
36:54 Manipur Cavalry
38:31 Pikeman
40:04 Halberdier
41:10 Arson
41:27 Scale Mail Armor
阿泡
10:48 Loom
12:34 Feudal Age
17:07 Castle Age
15:03 Double-Bit Axe
15:03 Horse Collar
21:53 Imperial Age
23:41 Gold Mining
25:34 Fletching
36:54 Squires
37:37 Bow Saw
37:49 Padded Archer Armor
38:42 Wheelbarrow
40:07 Hand Cart
42:06 Scale Mail Armor
42:25 Forging
42:20 Bodkin Arrow
43:43 Gold Shaft Mining
42:58 Stone Mining
43:34 Heavy Plow
44:04 Husbandry
44:21 Bloodlines
45:43 Scale Barding Armor
46:13 Iron Casting
47:20 Bombard Tower
47:22 Ballistics
46:50 Heavy Camel Rider
48:12 Conscription
48:42 Conscription
50:06 Chain Barding Armor
50:46 Blast Furnace
菜鸟不是菜
10:21 Feudal Age
14:29 Castle Age
13:02 Stone Mining
13:43 Double-Bit Axe
30:02 Imperial Age
31:47 Bow Saw
33:03 Wheelbarrow
35:23 Gold Mining
37:18 Horse Collar
39:04 Husbandry
39:14 Bloodlines
38:25 Light Cavalry
39:45 Cavalier
40:48 Padded Archer Armor
40:38 Fletching
41:38 Fletching
42:04 Leather Archer Armor
43:57 Stone Shaft Mining
43:57 Ring Archer Armor
43:23 Bodkin Arrow
43:39 Forging
43:36 Scale Barding Armor
47:57 Chain Barding Armor
48:13 Iron Casting
raw0000
9:45 Feudal Age
10:35 Double-Bit Axe
11:15 Horse Collar
15:14 Castle Age
15:32 Loom
17:09 Heavy Plow
29:41 Forging
29:31 Scale Mail Armor
29:51 Kshatriyas
30:37 Wheelbarrow
29:47 Town Watch
29:52 Arson
31:30 Gold Mining
31:33 Stone Mining
34:49 Imperial Age
33:25 Gold Shaft Mining
33:28 Stone Shaft Mining
33:23 Hand Cart
33:19 Town Patrol
33:38 Scale Barding Armor
35:39 Bloodlines
35:30 Husbandry
34:55 Heavy Camel Rider
35:59 Chain Barding Armor
36:14 Iron Casting
35:55 Chain Mail Armor
36:05 Conscription
38:11 Plate Barding Armor
38:53 Frontier Guards
40:11 Onager
40:21 Elite Chakram Thrower
42:24 Plate Mail Armor
41:31 Elite Chakram Thrower
42:06 Siege Elephant
45:58 Light Cavalry
46:47 Hussar
50:20 Hoardings
Antinomy
9:36 Feudal Age
12:33 Loom
15:47 Castle Age
14:07 Horse Collar
14:15 Double-Bit Axe
22:55 Fervor
23:56 Bloodlines
24:24 Scale Barding Armor
24:30 Gold Mining
25:50 Bow Saw
25:35 Stone Mining
26:26 Chain Barding Armor
28:50 Wheelbarrow
29:29 Forging
30:48 Hand Cart
31:11 Iron Casting
31:05 Husbandry
35:18 Imperial Age
32:37 Town Watch
33:05 Fortified Wall
33:07 Masonry
34:02 Guard Tower
34:08 Murder Holes
34:33 Ballistics
34:51 Fletching
35:08 Svan Towers
34:46 Treadmill Crane
36:11 Stone Shaft Mining
35:23 Elite Monaspa
36:49 Plate Barding Armor
37:20 Blast Furnace
36:48 Conscription
37:02 Aznauri Cavalry
38:03 Bodkin Arrow
39:14 Keep
41:12 Chemistry
41:45 Architecture
41:53 Sanctity
41:24 Capped Ram
42:17 Heavy Plow
42:31 Siege Ram
46:57 Crop Rotation
SHADOW2727z
0:35 Loom
10:54 Feudal Age
12:44 Wheelbarrow
15:48 Castle Age
16:12 Double-Bit Axe
16:36 Horse Collar
18:29 Bow Saw
21:19 Gold Mining
23:10 Scale Mail Armor
26:34 Town Watch
28:11 Hand Cart
28:04 Heavy Plow
30:49 Forging
31:19 Gold Shaft Mining
32:27 Stone Mining
34:43 Fortified Wall
37:51 Imperial Age
36:37 Iron Casting
36:42 Chain Mail Armor
36:57 Ballistics
37:02 Treadmill Crane
38:00 Elite Samurai
39:01 Conscription
39:46 Blast Furnace
39:16 Plate Mail Armor
39:29 Kataparuto
40:15 Chemistry
41:15 Town Patrol
41:18 Onager
42:48 Plate Mail Armor
43:44 Fletching
44:27 Siege Engineers
Elpanchero12
7:50 Loom
10:15 Feudal Age
10:51 Double-Bit Axe
15:20 Castle Age
16:05 Stone Mining
15:58 Horse Collar
16:42 Bow Saw
19:30 Town Watch
20:25 Wheelbarrow
24:15 Fletching
24:25 Padded Archer Armor
26:19 Bodkin Arrow
27:17 Town Watch
27:50 Hand Cart
35:43 Gold Mining
37:48 Heavy Plow
38:20 Ballistics
42:01 Imperial Age
43:05 Yeomen
43:24 Yeomen
42:27 Elite Longbowman
43:13 Bracer
43:14 Padded Archer Armor
44:37 Two-Man Saw
44:16 Gold Shaft Mining
47:38 Town Patrol
49:40 Conscription
55:03 Chemistry
Connection lost

Rejoining the realm…

Still unreachable

The connection could not be restored.

Session expired

The server has moved on; the page needs a fresh start.